 Dungeon Crawl Stone Soup version 0.30.1-11-g7821555f0a (webtiles) character file.

Game seed: 13253901070081257991

53 Janerl the Gusty (level 3, -5/16 HPs)
             Began as a Vine Stalker Air Elementalist on Dec 9, 2023.
             Killed from afar by Sigmund (11 damage)
             ... with a magic dart
             ... on level 2 of the Dungeon.
             The game lasted 00:09:43 (1807 turns).

Janerl the Gusty (Vine Stalker Air Elementalist)    Turns: 1807, Time: 00:09:43

Health: -5/16      AC:  2    Str: 10    XL:     3   Next: 87%
Magic:  0/8        EV: 12    Int: 17    God:
Gold:   86         SH:  0    Dex: 14    Spells: 5/8 levels left

rFire   . . .        i - +2 dagger (venom)
rCold   . . .        (no shield)
rNeg    . . .        a - +0 robe
rPois   .            (no helmet)
rElec   .            (no cloak)
rCorr   .            (no gloves)
SInv    .            (no boots)
Will    .....        (no amulet)
Stlth   ++           (no ring)
HPRegen 0.22/turn    (no ring)
MPRegen 0.11/turn

%: guardian spirit
@: very slightly contaminated
A: fangs 2, magic shield, antimagic bite, no potion heal 2
a: no special abilities


You were on level 2 of the Dungeon.
You visited 1 branch of the dungeon, and saw 2 of its levels.

You collected 86 gold pieces.

Inventory:

Hand Weapons
 i - a +2 dagger of venom (weapon)
Armour
 a - a +0 robe (worn)
Scrolls
 c - 2 scrolls of vulnerability {unknown}
 d - a scroll of poison {unknown}
 e - 2 scrolls of brand weapon {unknown}
 f - a scroll of immolation {unknown}
 g - a scroll of amnesia {unknown}
 h - 3 scrolls of fog {unknown}
 j - 4 scrolls of identify {unknown}
 l - a scroll of noise {unknown}
 n - a scroll of magic mapping {unknown}
Potions
 b - 2 potions of magic
 k - a potion of curing {unknown}
 m - 2 potions of attraction {unknown}
 o - a potion of haste {unknown}


   Skills:
 + Level 1.6 Dodging
 + Level 2.5 Stealth
 + Level 3.2 Spellcasting
 + Level 1.1 Conjurations
 + Level 3.8 Air Magic


You had 5 spell levels left.
You knew the following spells:

 Your Spells              Type           Power      Damage    Failure   Level
a - Shock                 Conj/Air       44%        1d5       6%          1
b - Static Discharge      Conj/Air       22%        2-3/arc   10%         2

Your spell library contained the following spells:

 Spells                   Type           Power      Damage    Failure   Level
 Swiftness                Air            15%        N/A       11%         3
 Airstrike                Air            7%         2d(2-18)  34%         4


Dungeon Overview and Level Annotations

Branches:
Dungeon (2/15)

Altars:

Annotations:
D:2 Sigmund


Innate Abilities, Weirdness & Mutations

You have extremely sharp teeth.
When hurt, damage is shared between your health and your magic reserves.
Your bite disrupts and absorbs the magic of your enemies.
Potions cannot restore your health.


Message History

Nothing appears to happen.
Sigmund mumbles some strange words.
Sigmund flickers and vanishes!
Deactivating autopickup; reactivate with Ctrl-A.
Casting: Shock (safe; 6% risk of failure)
Confirm with . or Enter, or press ? or * to list all spells.
You can't see any susceptible monsters within range! (Use Z to cast anyway.)
Casting: Shock (safe; 6% risk of failure)
Confirm with . or Enter, or press ? or * to list all spells.
You don't know that spell.
Casting: Shock (safe; 6% risk of failure)
Confirm with . or Enter, or press ? or * to list all spells.
You can't see any susceptible monsters within range! (Use Z to cast anyway.)
Casting: Shock (safe; 6% risk of failure)
Confirm with . or Enter, or press ? or * to list all spells.
You can't see any susceptible monsters within range! (Use Z to cast anyway.)
Casting: Shock (safe; 6% risk of failure)
Confirm with . or Enter, or press ? or * to list all spells.
Okay, then.
Casting: Shock (safe; 6% risk of failure)
Confirm with . or Enter, or press ? or * to list all spells.
Aiming: Shock (safe; 6% risk of failure)
Press: ? - help, Shift-Dir - straight line The zap hits something.
A magic dart appears from out of thin air!
The magic dart hits you.
Casting: Shock (safe; 6% risk of failure)
Confirm with . or Enter, or press ? or * to list all spells.
You don't know that spell.
Casting: Shock (safe; 6% risk of failure)
Confirm with . or Enter, or press ? or * to list all spells.
Aiming: Shock (safe; 6% risk of failure)
Press: ? - help, Shift-Dir - straight line The zap hits something.
Something hits you!
You hit something. Your bite misses something.
You hear some strange, mumbled words.
A magic dart appears from out of thin air!
The magic dart hits you!
Ouch! That really hurt!
You die...

.# #.##.##.# .# #.......# .#
####.#### ## #.# #.# #.#
#######.# ..#.....# ###########
#.#.##########.{@......########
#.#.# #.........#####.##.....#
....# #.#####...#...#.##.# .#
#.### #.# ##........##.###.#
..# #.# ##............#.# ###
###.#### #.......#......# ###
#......# #.......#.###..# #.##
#.#.##.############.# #..#
.#.###........####### #.###.##


There were no monsters in sight!

Vanquished Creatures
  An adder (D:2)
  A worm (D:2)
  2 dart slugs
  4 ball pythons
  2 endoplasms (D:1)
  4 hobgoblins
  5 jackals (D:2)
  A quokka (D:1)
  2 bats
  4 frilled lizards
  3 goblins
  4 kobolds
  3 rats
36 creatures vanquished.

Notes
Turn   | Place    | Note
-------+----------+-------------------------------------------
     0 | D:1      | Janerl the Vine Stalker Air Elementalist began the quest
                  | for the Orb.
     0 | D:1      | Reached XP level 1. HP: 9/9 MP: 4/4
   229 | D:1      | Noticed an eye of devastation
   231 | D:1      | Found a faded altar of an unknown god.
   233 | D:1      | Noticed a great orb of eyes
   233 | D:1      | Noticed a shining eye
   233 | D:1      | Noticed a floating eye
   298 | D:1      | Reached XP level 2. HP: 13/13 MP: 3/6
   875 | D:2      | Reached XP level 3. HP: 14/16 MP: 1/8
  1454 | D:2      | Learned a level 2 spell: Static Discharge
  1781 | D:2      | Noticed Sigmund
  1807 | D:2      | Killed from afar by Sigmund

Illustrated notes

Levels and vault maps discovered:
D:1:      minmay_arrival_semitransparent, layout_basic,
          hellmonk_ecumenical_altar_watching_god
D:2:      layout_loops_cross, uniq_sigmund

Skill      XL: |  1  2  3 |
---------------+----------+-----
Spellcasting   | 3 |  3.2
Dodging        | |  1.6
Stealth        | |  2.5
Conjurations   | |  1.1
Air Magic      | |  3.8

Action                     || total
---------------------------++-------
  Melee: Unarmed           ||     6
         Bite              ||     4
         Dagger            ||     7
   Cast: Shock             ||    73
 Armour: Robe              ||     5
  Dodge: Dodged            ||    16
